 Dungeon Sprint DCSS version 0.19-a0-1714-gcab94ab (webtiles) character file.

20967 Theye the Sniper (level 13, -5/103 HPs)
             Began as a Formicid Hunter on Sept 28, 2016.
             Was the Champion of Okawaru.
             Killed by the air
             ... invoked by a spriggan air mage
              (19 damage)
             ... in the Dungeon (Sprint V: "Ziggurat Sprint").
             The game lasted 00:05:06 (660 turns).

Theye the Sniper (Formicid Hunter)                   Turns: 660, Time: 00:05:07

Health: -5/103     AC: 33    Str: 24    XL:     13   Next: 16%
Magic:  22/23      EV: 12    Int: 15    God:    Okawaru [******]
Gold:   0          SH: 35    Dex: 26    Spells: 1 memorised, 13 levels left

rFire  . . .     SeeInvis +     K - +9 heavy crossbow "Sniper" {velocity, nevermiss, SInv}
rCold  . . .     Gourm    .     L - +8 orange crystal plate armour {Archmagi, Int+3 Clar}
rNeg   + . .     Faith    .     M - +18 shield of the Gong {rElec rN+ MR+ EV-5}
rPois  .         Spirit   .     (helmet unavailable)
rElec  +         Dismiss  .     (no cloak)
rCorr  .         Reflect  .     Q - +1 pair of gloves {Str+3}
MR     ++...     Harm     .     (no boots)
Stlth  .......... Clarity  +    O - amulet of regeneration
                                F - +6 ring of strength
                                y - +6 ring of dexterity

@: agile, heroism, finesse, very slightly contaminated, invisible
A: permanent stasis, dig shafts and tunnels, four strong arms, antennae 3, weak
1
a: Dig, Heroism, Finesse, Renounce Religion


You were in the Dungeon.
You worshipped Okawaru.
Okawaru was exalted by your worship.
You were not hungry.

You visited 1 branch

Inventory:

Hand Weapons
 a - a +1 hand crossbow
 b - a +0 short sword
 K - the +9 heavy crossbow "Sniper" (weapon) {velocity, nevermiss, SInv}
   (You found it in the Dungeon)

   Any bolt fired from it inflicts extra damage.
   It lets you see invisible.
Missiles
 d - 923 bolts (quivered)
Armour
 c - a +1 shield of reflection
 L - the +8 orange crystal plate armour (worn) {Archmagi, Int+3 Clar}
   (You found it in the Dungeon)

   It affects your intelligence (+3).
   It protects you against confusion.
 M - the +18 shield of the Gong (worn) {rElec rN+ MR+ EV-5}
   (You found it in the Dungeon)

   It affects your evasion (-5).
   It insulates you from electricity.
   It protects you from negative energy.
   It affects your resistance to hostile enchantments.
 N - a +3 large shield
 Q - a +1 pair of gloves of strength (worn)
 R - the +8 plate armour of Eternal Vigilance {rPois rF+++ MR++ Int-5}
   (You found it in the Dungeon)

   It affects your intelligence (-5).
   It renders you almost immune to fire.
   It protects you from poison.
   It affects your resistance to hostile enchantments.
Jewellery
 y - a +6 ring of dexterity (left hand)
 B - a +6 ring of dexterity
 D - the amulet of Syndicalism {Spirit rF- Str+4 Dex+3}
   (You found it in the Dungeon)

   [amulet of guardian spirit]

   It causes incoming damage to be split between your health and magic.
   It affects your strength (+4).
   It affects your dexterity (+3).
   It makes you vulnerable to fire.
 F - a +6 ring of strength (right hand)
 O - an amulet of regeneration (around neck)
Wands
 G - a wand of disintegration (7/24)
 H - a wand of iceblast (5/15)
 I - a wand of lightning (5/15)
 J - a wand of acid (5/15)
Scrolls
 k - 4 scrolls of blinking
 l - 4 scrolls of amnesia
 m - 3 scrolls of recharging
 n - 7 scrolls of fog
 o - 2 scrolls of holy word
 p - 5 scrolls of identify
 q - 5 scrolls of remove curse
 r - 2 scrolls of fear
Potions
 e - 10 potions of curing
 g - 8 potions of heal wounds
 h - 8 potions of haste
 i - 7 potions of magic
 j - 3 potions of berserk rage
 s - 2 potions of brilliance
 t - a potion of invisibility
 u - 4 potions of resistance
 w - 3 potions of agility
 x - 5 potions of might
Miscellaneous
 v - 3 phantom mirrors
 C - a disc of storms
 E - a phial of floods
 P - a fan of gales
Comestibles
 f - 5 bread rations
 z - 42 fruits
 A - 4 meat rations


   Skills:
 + Level 9.8(14.8) Fighting
 * Level 22.3(27) Crossbows
 + Level 7.3(12.3) Armour
 + Level 5.5(10.5) Dodging
 - Level 1.2(6.2) Stealth
 + Level 14.4(19.4) Shields
 * Level 3.1 Spellcasting
 * Level 3.4 Conjurations
 * Level 3.0 Transmutations
 * Level 14.4 Invocations


You had 13 spell levels left.
You knew the following spells:

 Your Spells              Type           Power        Failure   Level  Hunger
a - Irradiate             Conj/Tmut      ###.......   100%        5    ######.


Dungeon Overview and Level Annotations

Branches:
Dungeon (1/1)

Altars:
Ashenzari
Cheibriados
Dithmenos
Elyvilon
Fedhas
Gozag
Hepliaklqana
Kikubaaqudgha
Makhleb
Nemelex Xobeh
Okawaru
Qazlal
Ru
Sif Muna
Trog
Uskayaw
Vehumet
Xom
Yredelemnul
Zin
The Shining One
Beogh
Jiyva
Lugonu


Innate Abilities, Weirdness & Mutations

You are under a permanent stasis effect.
You can dig through walls and to a lower floor.
Your four strong arms can wield two-handed weapons with a shield.
You have a pair of large antennae on your head. (SInv)
You are weak. (Str -2)


Message History

The storm dragon claws you but does no damage.
The storm dragon tramples you!
* * * LOW HITPOINT WARNING * * *
You hold your ground!
You block the wind drake's attack.
PANG!
You block the storm dragon's attack.
GONNNNG!
The storm dragon claws you!
* * * LOW HITPOINT WARNING * * *
The storm dragon completely misses you.
Unknown command.
Unknown command.
Firing (i - inventory):
d - 924 bolts (quivered)
Press: ? - help, Shift-Dir - straight line, f - storm dragon, p - wind drake
Aim: a storm dragon (lightly wounded)
You shoot a bolt. The bolt hits the storm dragon!!
The storm dragon is moderately wounded.
The spriggan air mage waves its arms in wide circles.
The air twists around and strikes you!
You die...

▓...=):))\..▓...(....▓
▓...........▓▓▓▓▓▓▓▓▓▓
▓...(.......▓...8©8...
▓...........▓..))[[...
▓...([......▓...[[|...
▓....(.\....▓.........
▓..▓kDkD.▓..▓.........
▓...kDDi....▓.........
▓....@Dk....▓.........
▓▓▓▓▓▓▓▓▓▓▓▓▓.▓.(.(.▓.
▓....8©8....▓.....(...
▓..)[:=.|/..▓▓▓▓▓▓▓▓▓▓
▓...):|)[...▓...8©8...
▓...........▓..:|.)...
▓...........▓...)}[...
▓...........▓.........
▓....(.(....▓.........


You could see 5 storm dragons, 4 wind drakes and a spriggan air mage.

Vanquished Creatures
  A bone dragon (D)
  A storm dragon (D)
  2 entropy weavers (D)
  2 merfolk javelineers (D)
  A rakshasa (D)
  2 spriggan air magi (D)
  A merfolk aquamancer (D)
  An alligator snapping turtle (D)
  A thrashing horror (D)
  A wretched star (D)
  A skeletal warrior (D)
  4 starcursed masses (D)
  2 hornets (D)
  3 orb spiders (D)
  2 sirens (D)
  A torpor snail (D)
  2 rust devils (D)
  6 merfolk (D)
  A freezing wraith (D)
  A red devil (D)
  A jumping spider (D)
  A wind drake (D)
  Sigmund (D)
  2 small abominations (D)
  A shadow (D)
  A tarantella (D)
  A water elemental (D)
  A neqoxec (D)
  2 hell hounds (D)
  An orc warrior (D)
  A necrophage (D)
  A wasp (D)
  2 phantoms (D)
  A wight (D)
  A crimson imp (D)
  7 quasits (D)
  4 iron imps (D)
  An orc priest (D)
  Jessica (D)
  3 orc wizards (D)
  2 shadow imps (D)
  6 white imps (D)
  An ufetubus (D)
  2 adder zombies (D)
  An adder skeleton (D)
  An orc (D)
  A bat skeleton (D)
  5 bat zombies (D)
  A giant cockroach zombie (D)
  A leopard gecko zombie (D)
  A quokka skeleton (D)
92 creatures vanquished.

Vanquished Creatures (others)
  An adder zombie (D)
1 creature vanquished.

Grand Total: 93 creatures vanquished

Notes
Turn   | Place    | Note
-------+----------+-------------------------------------------
     0 | D        | Theye the Formicid Hunter began the quest for the Orb.
     0 | D        | Reached XP level 1. HP: 16/16 MP: 1/1
     4 | D        | Found a blossoming altar of Fedhas.
     5 | D        | Found a viscous altar of Jiyva.
     5 | D        | Found an ancient bone altar of Kikubaaqudgha.
     5 | D        | Found a hazy altar of Hepliaklqana.
     5 | D        | Found a corrupted altar of Lugonu.
     5 | D        | Found an opulent altar of Gozag.
     5 | D        | Found a burning altar of Makhleb.
     6 | D        | Found a sacrificial altar of Ru.
     6 | D        | Found a deep blue altar of Sif Muna.
     6 | D        | Found a stormy altar of Qazlal.
     6 | D        | Found a bloodstained altar of Trog.
     6 | D        | Found an iron altar of Okawaru.
     6 | D        | Found a sparkling altar of Nemelex Xobeh.
    77 | D        | Became a worshipper of Warmaster Okawaru
    87 | D        | Reached skill level 5 in Crossbows
    87 | D        | Reached XP level 2. HP: 24/24 MP: 1/5
    90 | D        | Entered arena 1.
    90 | D        | Noticed Sigmund
    90 | D        | Noticed Jessica
    93 | D        | Killed Jessica
    93 | D        | Reached skill level 6 in Crossbows
    93 | D        | Reached XP level 3. HP: 29/29 MP: 1/6
    95 | D        | Killed Sigmund
    95 | D        | Reached * piety under Okawaru
    95 | D        | Reached skill level 10 in Crossbows
    95 | D        | Reached skill level 5 in Invocations
    95 | D        | Reached XP level 4. HP: 37/37 MP: 2/8
    95 | D        | Reached XP level 5. HP: 42/42 MP: 2/9
    95 | D        | Reached XP level 6. HP: 48/48 MP: 2/10
   101 | D        | Got the ring "Illuar" {+Blink Str+3 Int+2 Stlth-}
   116 | D        | Entered arena 2.
   118 | D        | Reached skill level 11 in Crossbows
   131 | D        | Entered arena 3.
   131 | D        | Noticed a small abomination
   134 | D        | Killed a small abomination
   134 | D        | Reached skill level 12 in Crossbows
   134 | D        | Reached XP level 7. HP: 49/55 MP: 5/12
   151 | D        | Entered arena 4.
   151 | D        | Noticed a merfolk
   151 | D        | Noticed a merfolk
   151 | D        | Noticed a merfolk
   151 | D        | Noticed a merfolk
   153 | D        | Killed a merfolk
   153 | D        | Reached ** piety under Okawaru
   153 | D        | Reached skill level 13 in Crossbows
   155 | D        | Killed a merfolk
   155 | D        | Reached skill level 14 in Crossbows
   155 | D        | Reached XP level 8. HP: 50/61 MP: 8/13
   157 | D        | Killed a merfolk
   157 | D        | Reached *** piety under Okawaru
   157 | D        | Reached skill level 5 in Fighting
   159 | D        | Killed a merfolk
   159 | D        | Reached skill level 15 in Crossbows
   167 | D        | Got the amulet of Syndicalism {Spirit rF- Str+4 Dex+3}
   173 | D        | Entered arena 5.
   173 | D        | Noticed a bone dragon
   185 | D        | Killed a bone dragon
   185 | D        | Received a gift from Okawaru
   185 | D        | Reached **** piety under Okawaru
   185 | D        | Reached skill level 17 in Crossbows
   185 | D        | Reached skill level 5 in Dodging
   185 | D        | Reached skill level 10 in Invocations
   185 | D        | Reached XP level 9. HP: 29/69 MP: 12/16
   185 | D        | Reached XP level 10. HP: 32/76 MP: 12/17
   300 | D        | Entered arena 6.
   324 | D        | Entered arena 7.
   356 | D        | Entered arena 8.
   356 | D        | Noticed a starcursed mass
   360 | D        | Killed a starcursed mass
   360 | D        | Reached skill level 18 in Crossbows
   360 | D        | Gained mutation: You are weak. (Str -2) [a neqoxec]
   361 | D        | Reached ***** piety under Okawaru
   361 | D        | Reached skill level 5 in Armour
   362 | D        | Killed a starcursed mass
   364 | D        | Killed a starcursed mass
   364 | D        | Reached skill level 10 in Shields
   381 | D        | Got the +8 plate armour of Eternal Vigilance {rPois rF+++ MR++ Int-5}
   398 | D        | Entered arena 9.
   402 | D        | Reached XP level 11. HP: 83/83 MP: 19/19
   428 | D        | Entered arena 10.
   428 | D        | Noticed a thrashing horror
   428 | D        | Noticed a wretched star
   428 | D        | Noticed a rakshasa
   431 | D        | Killed a thrashing horror
   433 | D        | Killed a wretched star
   439 | D        | Reached skill level 19 in Crossbows
   450 | D        | Killed a rakshasa
   462 | D        | Entered arena 11.
   462 | D        | Noticed a merfolk javelineer
   462 | D        | Noticed a merfolk aquamancer
   462 | D        | Noticed a siren
   463 | D        | Noticed an alligator snapping turtle
   463 | D        | Noticed a merfolk javelineer
   466 | D        | Noticed a siren
   466 | D        | Killed a merfolk aquamancer
   466 | D        | Received a gift from Okawaru
   475 | D        | Killed an alligator snapping turtle
   483 | D        | Killed a siren
   484 | D        | Killed a merfolk javelineer
   484 | D        | Reached skill level 20 in Crossbows
   486 | D        | Killed a merfolk javelineer
   486 | D        | Reached ****** piety under Okawaru
   486 | D        | Reached XP level 12. HP: 52/94 MP: 18/21
   544 | D        | Entered arena 12.
   547 | D        | Noticed an entropy weaver
   547 | D        | Noticed an entropy weaver
   555 | D        | Killed an entropy weaver
   558 | D        | Killed an entropy weaver
   558 | D        | Reached skill level 21 in Crossbows
   573 | D        | Received a gift from Okawaru
   609 | D        | Learned a level 5 spell: Irradiate
   614 | D        | Entered arena 13.
   616 | D        | Noticed a skeletal warrior
   623 | D        | Reached skill level 1 in Conjurations
   624 | D        | Received a gift from Okawaru
   625 | D        | Killed a skeletal warrior
   625 | D        | Reached skill level 1 in Spellcasting
   626 | D        | Reached skill level 1 in Transmutations
   643 | D        | Entered arena 14.
   644 | D        | Noticed a storm dragon
   644 | D        | Noticed a storm dragon
   644 | D        | Noticed a storm dragon
   644 | D        | Noticed a storm dragon
   645 | D        | Noticed a spriggan air mage
   645 | D        | Noticed a storm dragon
   645 | D        | Noticed a storm dragon
   645 | D        | Noticed a spriggan air mage
   645 | D        | Noticed a spriggan air mage
   648 | D        | Killed a spriggan air mage
   648 | D        | Reached skill level 22 in Crossbows
   648 | D        | Reached XP level 13. HP: 67/101 MP: 20/23
   654 | D        | Killed a spriggan air mage
   658 | D        | Killed a storm dragon
   660 | D        | Killed from afar by a spriggan air mage

Vault maps used:
D:        sprint_v

Skill      XL: |  1  2  3  4  5  6  7  8  9 10 11 12 13 |
---------------+----------------------------------------+-----
Fighting       | 3 4 6 8 9 |  9.8
Crossbows      | 5 6 10 12 14 17 18 20 22 | 22.3
Armour         | 2 4 5 6 7 |  7.3
Dodging        | 2 3 4 5 |  5.5
Shields        | 2 3 4 8 10 12 14 | 14.4
Invocations    | 4 5 6 7 10 11 13 14 | 14.4
Conjurations   | 2 3 |  3.4
Spellcasting   | 2 3 |  3.1
Transmutations | 2 3 |  3.0
Stealth        | |  1.2

Action                   |  1- 3 |  4- 6 |  7- 9 | 10-12 | 13-15 || total
-------------------------+-------+-------+-------+-------+-------++-------
 Fire: Heavy crossbow    |     5 |     5 |    22 |   138 |    10 ||   180
Invok: Heroism           |       |     1 |     1 |     5 |       ||     7
       Finesse           |       |       |       |     3 |       ||     3
  Use: Potion            |     1 |       |       |     3 |     2 ||     6
Armor: Plate armour      |     4 |     2 |    45 |    60 |       ||   111
       Crystal plate arm |       |       |       |     5 |    14 ||    19
Dodge: Dodged            |       |     1 |    22 |    24 |     9 ||    56
Block: Shield            |     6 |     4 |    51 |   194 |    27 ||   282
